Map: Lost and Found LE

Players

SGRT

  • Race: Zerg Zerg
  • League: Diamond
  • Spawn Location: 7:00

Nikolai - Winner!

  • Race: Terran Terran
  • Spawn Location: 1:00

VOD

Have the link to the VOD?

Description

Time

  • Played on: Aug. 15, 2018, 4:39 a.m.
  • Length: 15:13
Show
View Real Time Build Order
Export as new Build Order

SGRT Zerg 

Build Orders: Hatch First 

Get SALT Encoding   

  12  0:01  Drone  
  13  0:13  Overlord  
  13  0:19  Drone  
  14  0:34  Drone x2  
  16  0:43  Drone  
  17  0:59  Hatchery, Drone  
  17  1:03  Extractor  
  16  1:06  Drone  
  17  1:21  Spawning Pool  
  16  1:32  Drone x3  
  19  1:46  Overlord  
  19  2:03  Drone  
  20  2:11  Queen  
  20  2:12  Zergling x4  
  20  2:14  Queen  
  26  2:26  Drone  
  26  2:27  Drone x2  
  29  2:34  Drone  
  29  2:36  Metabolic Boost  
  30  2:38  Drone  
  31  2:46  Drone  
  31  2:47  Evolution Chamber  
  31  2:54  Queen  
  33  3:00  Overlord  
  33  3:09  Overlord  
  33  3:13  Zerg Melee Weapons Level 1  
  33  3:17  Drone  
  33  3:18  Baneling Nest  
  33  3:29  Queen  
  33  3:31  Zergling x4  
  33  3:32  Zergling x2  
  38  3:44  Drone x5  
  43  3:54  Zergling x6  
  46  4:09  Zergling x10  
  51  4:21  Overlord x3  
  51  4:34  Overlord x2  
  51  4:39  Hatchery  
  50  4:46  Baneling x2  
  50  4:47  Baneling x3  
  50  4:48  Overlord x2  
  41  5:05  Drone x7  
  48  5:16  Zerg Ground Armor Level 1  
  48  5:23  Extractor, Drone  
  48  5:24  Extractor  
  48  5:25  Drone x3  
  48  5:28  Drone x2  
  52  5:33  Lair  
  52  5:38  Zergling x4  
  54  5:56  Drone  
  55  6:03  Extractor, Drone x3  
  57  6:05  Drone  
  58  6:11  Drone x2  
  58  6:12  Drone x5, Queen  
  58  6:15  Zergling x8  
  71  6:27  Zergling x10  
  76  6:37  Zergling x2  
  76  6:38  Zergling x4  
  78  6:43  Baneling x4  
  78  6:44  Baneling x3  
  78  6:48  Zergling x10  
  83  6:56  Zergling x6  
  86  7:05  Zergling x2  
  86  7:06  Zergling x2  
  88  7:20  Zergling x4  
  88  7:21  Zergling x8  
  69  7:37  Zergling x12  
  69  7:38  Zergling x4  
  75  7:46  Zergling x4  
  75  7:56  Zergling x4  
  68  8:10  Roach Warren  
  67  8:15  Zergling x10  
  67  8:16  Hydralisk Den  
  71  8:21  Overlord x3  
  71  8:29  Zergling x4  
  73  8:35  Zergling x6  
  76  8:45  Extractor  
  76  8:46  Extractor  
  74  8:48  Hatchery  
  74  8:51  Glial Reconstitution  
  74  8:54  Muscular Augments  
  73  9:02  Roach x5  
  85  9:03  Roach x7  
  97  9:12  Zerg Missile Weapons Level 1, Zergling x2  
  97  9:13  Zergling x6  
  97  9:15  Centrifical Hooks  
  101  9:26  Hydralisk x4  
  101  9:30  Overlord  
  101  9:31  Overlord x2  
  109  9:40  Overlord  
  109  9:41  Overlord x3  
  109  9:44  Roach x2  
  113  9:46  Overlord x2  
  113  9:58  Roach  
  113  9:59  Roach x7  
  129  10:07  Hydralisk  
  129  10:08  Hydralisk x5  
  141  10:32  Roach x3  
  141  10:33  Roach x8  
  141  10:34  Roach  
  144  10:47  Roach x4  
  144  10:48  Roach x4  
  137  10:53  Roach x3  
  134  11:02  Zergling x2  
  134  11:03  Zergling x4  
  137  11:09  Queen  
  139  11:12  Infestation Pit  
  139  11:17  Zergling x8  
  139  11:18  Zergling x4  
  144  11:20  Zerg Missile Weapons Level 2  
  144  11:25  Drone x2  
  144  11:26  Drone  
  144  11:29  Queen  
  149  11:34  Drone  
  147  11:47  Zergling x10  
  147  11:53  Overlord x4  
  152  12:10  Queen  
  152  12:11  Drone  
  152  12:12  Drone x7  
  152  12:13  Drone  
  163  12:16  Baneling  
  163  12:17  Baneling x8  
  163  12:20  Zergling x2  
  124  12:50  Roach x4  
  124  12:51  Roach x10  
  119  12:52  Roach  
  119  12:55  Roach  
  105  13:00  Zergling x10  
  105  13:02  Zergling x2  
  109  13:08  Zergling x10  
  114  13:21  Hive  
  114  13:22  Spire  
  113  13:27  Hydralisk  
  113  13:28  Hydralisk x3  
  121  13:39  Zergling x2  
  121  13:40  Zergling x16  
  121  13:41  Zergling x2  
  131  13:52  Drone x2  
  133  14:00  Hydralisk x4  
  133  14:01  Hydralisk  
  143  14:06  Overlord x2  
  143  14:21  Overlord x2  
  103  14:43  Roach x9  
  103  14:44  Roach x8  
  99  14:53  Roach x2  
Show
View Real Time Build Order
Export as new Build Order

Nikolai Terran - Winner!

Build Orders: MMM Bio, Mech 

Get SALT Encoding   

  12  0:02  SCV  
  13  0:13  Supply Depot  
  13  0:18  SCV  
  14  0:30  SCV  
  15  0:37  Barracks  
  15  0:42  SCV  
  16  0:45  Refinery  
  16  0:54  SCV  
  17  1:06  SCV  
  18  1:18  SCV  
  18  1:25  Marine  
  19  1:30  Orbital Command  
  20  1:35  Refinery  
  20  1:38  Supply Depot  
  20  1:56  Factory  
  20  1:57  SCV  
  21  2:11  SCV  
  21  2:13  Barracks Reactor  
  22  2:24  Command Center  
  22  2:28  SCV  
  23  2:35  Barracks  
  23  2:40  SCV  
  24  2:54  SCV  
  24  2:56  Hellion  
  24  2:57  Hellion  
  29  3:01  Barracks Reactor  
  29  3:05  Supply Depot  
  29  3:06  SCV  
  30  3:23  Barracks Tech Lab  
  30  3:26  Starport  
  30  3:27  Hellion  
  30  3:31  SCV  
  33  3:46  Hellion  
  33  3:47  Marine x3  
  38  3:49  Hellion  
  38  3:50  Stimpack  
  40  4:05  Starport Reactor, Marine x2  
  40  4:07  Factory  
  42  4:12  SCV x2  
  44  4:19  Marine  
  44  4:23  Marine  
  46  4:24  SCV  
  46  4:27  Marine  
  48  4:32  SCV  
  48  4:35  Factory Tech Lab  
  48  4:36  SCV  
  48  4:37  Marauder, Supply Depot  
  48  5:01  Supply Depot  
  48  5:02  Marauder, Marine x2  
  48  5:04  Siege Tank  
  48  5:05  Factory Reactor  
  49  5:09  Medivac  
  49  5:12  SCV  
  52  5:20  Marine x2  
  54  5:24  Marauder  
  56  5:29  Armory, SCV x2  
  56  5:32  Supply Depot  
  58  5:36  Hellion  
  60  5:46  Medivac  
  60  5:47  Marine  
  63  5:50  Hellion  
  63  5:54  Engineering Bay  
  65  5:58  Combat Shield, Hellion  
  65  5:59  Barracks  
  65  6:04  Orbital Command  
  67  6:09  Refinery  
  67  6:10  Refinery  
  68  6:11  SCV  
  68  6:20  Engineering Bay, Terran Vehicle Weapons Level 1  
  68  6:23  SCV  
  69  6:30  Hellbat x3  
  75  6:36  SCV x2  
  77  6:41  Marine  
  78  6:53  Supply Depot, Barracks Reactor  
  78  7:15  SCV x2, Marine x3  
  83  7:16  Supply Depot  
  83  7:17  Supply Depot, Terran Infantry Weapons Level 1, Terran Infantry Armor Level 1  
  83  7:27  SCV x2  
  76  7:33  Marauder, Marine x4  
  72  7:37  Infernal Pre-Igniter  
  72  7:40  SCV  
  72  7:44  Siege Tank  
  72  7:46  Hellbat  
  72  7:47  Hellbat  
  72  7:50  Marine x2  
  78  7:55  Marauder  
  78  7:56  Marine x2  
  74  8:05  SCV  
  74  8:06  SCV  
  74  8:07  Hellbat  
  74  8:08  Marine x2, Hellbat, Concussive Shells  
  82  8:16  Marauder  
  82  8:18  SCV  
  85  8:31  Terran Vehicle And Ship Armor Level 1  
  85  8:33  Thor, Hellbat x2  
  95  8:34  Marine  
  96  8:52  SCV x2  
  96  8:53  Factory  
  96  8:54  Hellbat x2  
  102  9:07  Command Center  
  102  9:14  Supply Depot  
  102  9:15  Supply Depot  
  102  9:26  Supply Depot  
  102  9:28  Siege Tank, SCV, Marine x2  
  102  9:29  SCV  
  109  9:42  Factory Tech Lab  
  109  9:47  Factory  
  109  9:54  Terran Infantry Weapons Level 2  
  109  10:00  Thor  
  109  10:03  SCV x2  
  117  10:07  Terran Infantry Armor Level 2  
  117  10:15  SCV x2  
  111  10:27  Supply Depot, SCV  
  111  10:29  SCV  
  112  10:39  SCV  
  105  10:49  Marine  
  84  10:50  Marauder, Marine x3  
  62  10:58  Siege Tank  
  65  11:07  Marine x3  
  65  11:08  Marine  
  65  11:10  Marine, Factory Tech Lab  
  70  11:22  Siege Tank  
  70  11:23  Hellbat  
  70  11:25  Marine x4  
  76  11:28  Marine  
  76  11:29  Command Center  
  76  11:31  Terran Vehicle Weapons Level 2  
  80  11:35  Barracks  
  79  11:43  SCV x2, Marine x4  
  79  11:47  Marauder  
  86  11:48  Thor  
  86  11:53  Medivac x2  
  96  11:56  SCV  
  96  12:00  Marine  
  98  12:06  Marine x3  
  98  12:07  Marine  
  102  12:17  SCV  
  102  12:18  Marine  
  104  12:24  Marine x3  
  104  12:26  Marauder, Barracks Tech Lab  
  109  12:31  SCV  
  109  12:34  Siege Tank x3  
  109  12:36  Marine  
  115  12:42  Marine  
  98  12:45  Marine  
  98  12:46  Marauder  
  98  12:47  Marauder  
  88  12:56  SCV x2  
  85  13:04  Marine  
  86  13:06  Siege Tank x2  
  86  13:08  SCV x2  
  94  13:18  Planetary Fortress  
  94  13:20  SCV  
  94  13:21  SCV  
  94  13:25  Marauder, Marine x2  
  100  13:33  Hellbat x3  
  106  13:35  SCV x2  
  108  13:44  Thor  
  114  13:49  SCV x2  
  116  14:01  SCV  
  116  14:02  Refinery  
  117  14:03  Refinery  
  117  14:18  Marine  
  117  14:19  Marauder, Marine x2  
  117  14:20  Thor x2  
  117  14:21  SCV  
  117  14:22  SCV  
  123  14:39  Marine  
  123  14:40  Marauder, Marine x4  
Tags
 
Composition
MMM BioMech
League
Diamond
Matchup
TvZ
Spawn Locations
Cross Positions
Add a new tag
Caveats
  • Supply blocks, unpowered buildings, or Contaminate may cause inaccurate times.
  • Supply counts are checked every 10 seconds.